 Dungeon Crawl Stone Soup version 0.30-a0-1103-g25895a7845 (webtiles) character file.

Game seed: 15603826897230896625

80 Sobieck the Cudgeller (level 4, 0/39 HPs)
             Began as an Armataur Monk on Apr 18, 2023.
             Slain by a scorpion (3 damage)
             ... on level 3 of the Dungeon.
             The game lasted 00:02:50 (2004 turns).

Sobieck the Cudgeller (Armataur Monk)               Turns: 2004, Time: 00:02:50

Health: 0/39       AC:  4    Str: 18    XL:     4   Next: 18%
Magic:  4/4        EV: 10    Int: 10    God:
Gold:   96         SH:  0    Dex: 19    Spells: 3/3 levels left

rFire   . . .      SeeInvis .    a - +0 mace {mace}
rCold   . . .      Faith    .    d - orb {light}
rNeg    . . .      Spirit   .    g - +0 robe
rPois   .          Reflect  .    (no helmet)
rElec   .          Roll     +    (no cloak)
rCorr   .                        (no gloves)
Will    .....                    (no barding)
Stlth   +                        (no amulet)
HPRegen 0.26/turn                f - +6 ring of dexterity
MPRegen 0.09/turn                (no ring)

@: lethally poisoned (0 -> -12), glowing
A: large, rugged brown scales 3, deformed body, armoured tail, roll, long
tongue, awkward tongue
a: no special abilities


You were on level 3 of the Dungeon.
You visited 1 branch of the dungeon, and saw 3 of its levels.

You collected 96 gold pieces.


Innate Abilities, Weirdness & Mutations

You are completely covered in rugged brown scales. (AC +3, +7% HP)
Armour fits poorly on your strangely shaped body.
You have a long armoured tail.
You roll when moving toward enemies. (Rampage)
Your long tongue fully drains potion bottles. (2x potion effects)
Your tongue gives you trouble enunciating. (1.5x scroll delay)


   Skills:
 - Level 2.6 Fighting
 + Level 4.6 Maces & Flails
 - Level 2.1 Dodging


You had 3 spell levels left.
You didn't know any spells.
Your spell library contained the following spells:

 Spells                   Type           Power      Damage    Failure   Level
 Ozocubu's Armour         Ice            0%         N/A       75%         3
 Ozocubu's Refrigeration  Ice            0%         4d7       100%        7

Inventory:

Hand Weapons
 a - a +0 mace (weapon) {mace}
 b - a +1 sling of draining
   (You found it on level 1 of the Dungeon)
Missiles
 k - 6 poisoned darts {throwing}
 l - 8 stones {throwing}
Armour
 d - an orb of light (worn)
 g - a +0 robe (worn)
 h - a +0 robe
   (You found it on level 1 of the Dungeon)
 i - a +0 robe
   (You found it on level 1 of the Dungeon)
 j - a +0 scale mail
   (You found it on level 1 of the Dungeon)
 t - a +0 leather armour
   (You found it on level 2 of the Dungeon)
Jewellery
 f - a +6 ring of dexterity (left hand)
   (You found it on level 1 of the Dungeon)
Scrolls
 e - 3 scrolls of identify {unknown}
 m - a scroll of amnesia {unknown}
 o - a scroll of brand weapon {unknown}
 p - a scroll of enchant armour {unknown}
 s - a scroll of noise {unknown}
 u - a scroll of summoning {unknown}
Potions
 c - a potion of ambrosia
 n - a potion of heal wounds {unknown}
 q - a potion of flight {unknown}
 r - a potion of brilliance {unknown}
 v - a potion of magic {unknown}

Dungeon Overview and Level Annotations

Branches:
Dungeon (3/15) Zot: 15984

Altars:

#.......#.#
#...
#.......#.#
#.###
#.......#.# #.#
........#.###.#
#...........#.#
#...........#..
#.......#..##
####..###.##
##.###@#
##...s# ####'#
... .....
.......
.........
+.........+
#.........#


You could see a scorpion.


Message History

There is an open door here.
You see here a +0 whip {mace}.
As you open the door, it creaks loudly!
There is an open door here.
There is an open door here.
There is an open door here.
There is an open door here.
You now have 76 gold pieces (gained 10).
u - a scroll labelled YCOISO VITY You open the door.
A bat comes into view.
Danger!
The bat closely misses you.
There is an open door here.
You hit the bat.
You kill the bat!
No target in view!
You now have 87 gold pieces (gained 11).
You open the door.
There is an open door here.
Done exploring.
Done exploring.
(D) Dungeon
Where to? (Enter - D:2, ? - help)
There is an open door here.
There is a stone staircase leading down here.
You climb downwards.
There is a stone staircase leading up here.
Unknown command.
Unknown command.
l - 8 stones {throwing} (gained 3)
Found a stone staircase leading up.
Unknown command.
You now have 96 gold pieces (gained 9).
A ball python comes into view.
The ball python hisses angrily.
Danger!
You sock the ball python!
You kill the ball python!
No target in view!
Found a stone staircase leading down.
Unknown command.
There is a stone staircase leading down here.
As you open the door, it creaks loudly!
Unknown command.
There is an open door here.
v - a fizzy emerald potion You open the door.
There is an open door here.
There is an open door here.
You open the door.
There is an open door here.
Found a stone staircase leading up.
Unknown command.
You open the door.
A scorpion comes into view.
Danger!
You sense an unholy aura.
b - a +1 sling of draining (weapon)
Unknown command.
a - a +0 mace (weapon)
{mace} Unknown command.
You roll towards the scorpion!
You hit the scorpion. The scorpion stings you.
Unknown command.
You hit the scorpion. The scorpion barely misses you.
The scorpion closely misses you.
Unknown command.
You hit the scorpion but do no damage. The scorpion stings you.
You hit the scorpion but do no damage. The scorpion closely misses you.
The scorpion barely misses you.
You hit the scorpion but do no damage.
Your tail-slap misses the scorpion.
The scorpion stings you.
Unknown command.
You hit the scorpion but do no damage.
The scorpion stings you but does no damage.
You hit the scorpion but do no damage. The scorpion stings you. x2
Unknown command.
You hit the scorpion.
You tail-slap the scorpion, but do no damage.
The scorpion stings you.
You hit the scorpion but do no damage. The scorpion stings you.
The scorpion stings you but does no damage.
Unknown command.
You hit the scorpion. The scorpion stings you.
* * * LOW HITPOINT WARNING * * *
You are poisoned.
The scorpion poisons you!
You hit the scorpion but do no damage.
You feel very sick. The scorpion stings you.
* * * LOW HITPOINT WARNING * * *
You are lethally poisoned!
The scorpion poisons you!
You barely miss the scorpion.
* * * LOW HITPOINT WARNING * * *
You feel very sick. The scorpion stings you.
* * * LOW HITPOINT WARNING * * *
The scorpion stings you.
You die...

Skill      XL: |  1  2  3 |
---------------+----------+-----
Maces & Flails | 3 4 |  4.6
Fighting       | |  2.6
Dodging        | |  2.1

Action                     |  1- 3 |  4- 6 || total
---------------------------+-------+-------++-------
  Melee: Mace              |    60 |    18 ||    78
         Tailslap          |     9 |     1 ||    10
   Fire: Sling             |    34 |     1 ||    35
 Armour: Robe              |    20 |     3 ||    23
  Dodge: Dodged            |    26 |     6 ||    32

Levels and vault maps discovered:
D:1:      psy_arrival_fountain, layout_basic
D:2:      layout_loops_corners, kennysheep_pointless_box
D:3:      minmay_door_path, layout_loops_corners

Notes
Turn   | Place    | Note
-------+----------+-------------------------------------------
     0 | D:1      | Sobieck the Armataur Monk began the quest for the Orb.
     0 | D:1      | Reached XP level 1. HP: 19/19 MP: 1/1
    56 | D:1      | Reached skill level 3 in Maces & Flails
    75 | D:1      | Reached XP level 2. HP: 26/26 MP: 2/2
   417 | D:1      | Reached XP level 3. HP: 32/32 MP: 3/3
   599 | D:1      | You add the spells Ozocubu's Armour and Ozocubu's
                  | Refrigeration to your library.
   820 | D:2      | Reached skill level 4 in Maces & Flails
  1228 | D:2      | Reached XP level 4. HP: 39/39 MP: 4/4
  1988 | D:3      | Noticed a scorpion
  2004 | D:3      | HP: 9/39 [poisoned by a scorpion]
  2004 | D:3      | HP: 3/39 [scorpion (6)]
  2004 | D:3      | Slain by a scorpion

Vanquished Creatures
  2 adders (D:2)
  A worm (D:2)
  A dart slug (D:1)
  8 ball pythons
  9 endoplasms
  2 giant cockroaches
  5 goblins
  2 hobgoblins
  3 quokkas
  7 bats
  2 frilled lizards (D:1)
  2 kobolds
  7 rats
51 creatures vanquished.

Table legend:
 A = Non-vault XP
 B = Vault XP
 C = Vault XP percentage of total XP
 D = Non-vault monster count
 E = Vault monster count
 F = Vault count percentage of total count
                 A         B        C        D         E       F
            +---------+---------+-------+---------+---------+-------
      Total |     115 |       0 |   0.0 |      51 |       0 |   0.0
            +---------+---------+-------+---------+---------+-------
        D:1 |      45 |       0 |   0.0 |      26 |       0 |   0.0
        D:2 |      68 |       0 |   0.0 |      24 |       0 |   0.0
        D:3 |       2 |       0 |   0.0 |       1 |       0 |   0.0
            +---------+---------+-------+---------+---------+-------

Illustrated notes

Table legend:
 A = Kills in this place as a percentage of kills in the entire game.
 B = Kills by you in this place as a percentage of kills by you in the entire game.
 C = Kills by friends in this place as a percentage of kills by friends in the entire game.
 D = Other kills in this place as a percentage of other kills in the entire game.
 E = Experience gained in this place as a percentage of experience gained in the entire game.
 F = Experience gained in this place divided by the number of levels of this place that you have seen.
                   A       B       C       D       E      F
               +-------+-------+-------+-------+-------+----------------------
         Total | 100.0 | 100.0 |   N/A |   N/A | 100.0 |  38.3
       Dungeon | 100.0 | 100.0 |   N/A |   N/A | 100.0 |  38.3
               +-------+-------+-------+-------+-------+----------------------

Table legend: (Time is in decaauts)
 A = Elapsed time spent in this place.
 B = Non-inter-level travel time spent in this place.
 C = Inter-level travel time spent in this place.
 D = Time resting spent in this place.
 E = Time spent auto-exploring this place.
 F = Levels seen in this place.
 G = Mean time per level.
                   A        B        C        D        E       F      G
               +--------+--------+--------+--------+--------+-----+--------+
         Total |   2014 |   1966 |     48 |     58 |   1630 |   3 |  671.3 |
       Dungeon |   2014 |   1966 |     48 |     58 |   1630 |   3 |  671.3 |
               +--------+--------+--------+--------+--------+-----+--------+

Top non-repeatable levels by time:
     D:2: 926 daAuts
     D:1: 728 daAuts
     D:3: 359 daAuts
